| TOP OF THE 1ST |
|
Montgomery Biscuits batting - Pitching for Frisco RoughRiders : LHP Jordan Ruiz
|
|
Pitching: LHP Jordan Ruiz
|
|
|
Batting: LHB Mark Marvin
|
0-0: Called Strike 0-1: Called Strike 0-2: Foul Ball, location: 2F 0-2: Foul Ball, location: 2F 0-2: Ball 1-2: Strikes out looking
|
|
Batting: RHB Jonathan Fraire
|
0-0: Ground out 5-3 (Groundball, 56, EV 90.0 MPH)
|
|
Batting: RHB David Ward
|
0-0: Hit by Pitch
|
|
Batting: SHB Lou Kroneman
|
0-0: Ball 1-0: Called Strike 1-1: Ball 2-1: Swinging Strike 2-2: Ball 3-2: Foul Ball, location: 2F 3-2: Ground out 6-3 (Groundball, 6, EV 93.8 MPH)
|
| Top of the 1st over - 0 runs, 0 hits, 0 errors, 1 left on base; Montgomery 0 - Frisco 0 |
| BOTTOM OF THE 1ST |
|
Frisco RoughRiders batting - Pitching for Montgomery Biscuits : RHP Jason Cheek
|
|
Pitching: RHP Jason Cheek
|
|
|
Batting: RHB Kurt Wagner
|
0-0: Called Strike 0-1: Called Strike 0-2: Ball 1-2: Foul Ball, location: 2F 1-2: Foul Ball, location: 2F 1-2: SINGLE (Groundball, 56D, EV 106.2 MPH)
|
|
Batting: LHB Justin Barker
|
0-0: Ball 1-0: Foul Ball, location: 2F 1-1: Ball 2-1: Foul Ball, location: 2F 2-2: SINGLE (Line Drive, 4M, EV 102.5 MPH) Kurt Wagner to second
|
|
Batting: RHB Adryão Anto
|
0-0: Ball 1-0: Called Strike 1-1: Ball 2-1: Called Strike 2-2: Ball 3-2: Fielders Choice at 2nd, 3-6 (Groundball, 13, EV 80.6 MPH) Kurt Wagner to third
|
|
Batting: LHB Davey Schonewille
|
0-0: Ball 1-0: Foul Ball, location: 2F 1-1: DOUBLE (Line Drive, 7LM, EV 110.6 MPH) Kurt Wagner scores Adryão Anto to third
|
|
Batting: LHB Ben Radach
|
0-0: Ball 1-0: Called Strike 1-1: Ball 2-1: 3-RUN HOME RUN (Flyball, 7D, EV 102.5 MPH), Distance : 400 ft
|
|
Batting: RHB Jason Swisher
|
0-0: Ground out 5-3 (Groundball, 5, EV 105.0 MPH)
|
|
Batting: SHB Reagan Dudley
|
0-0: Ball 1-0: Ball 2-0: Ball 3-0: Called Strike 3-1: Called Strike 3-2: Ground out 5-3 (Groundball, 6, EV 88.1 MPH)
|
| Bottom of the 1st over - 4 runs, 4 hits, 0 errors, 0 left on base; Montgomery 0 - Frisco 4 |
| TOP OF THE 2ND |
|
Montgomery Biscuits batting - Pitching for Frisco RoughRiders : LHP Jordan Ruiz
|
|
Batting: SHB Wayne Hattan
|
0-0: Ground out U3 (Groundball, 34, EV 100.6 MPH)
|
|
Batting: RHB Freddy Mullen
|
0-0: Foul Ball, location: 2F 0-1: Foul Ball, location: 2F 0-2: Ball 1-2: Strikes out swinging
|
|
Batting: SHB Julio Hernandez
|
0-0: Ball 1-0: Foul Ball, location: 2F 1-1: Foul Ball, location: 2F 1-2: Foul Ball, location: 2F 1-2: Ground out 5-3 (Groundball, 56D, EV 110.6 MPH)
|
| Top of the 2nd over - 0 runs, 0 hits, 0 errors, 0 left on base; Montgomery 0 - Frisco 4 |
| BOTTOM OF THE 2ND |
|
Frisco RoughRiders batting - Pitching for Montgomery Biscuits : RHP Jason Cheek
|
|
Batting: RHB Chris Torlak
|
0-0: Ball 1-0: Called Strike 1-1: Ball 2-1: Foul Ball, location: 2F 2-2: SINGLE (Line Drive, 56, EV 106.9 MPH)
|
|
Batting: SHB Johnny Stables
|
0-0: 2-RUN HOME RUN (Flyball, 9D, EV 98.1 MPH), Distance : 392 ft
|
|
Batting: RHB Kurt Wagner
|
0-0: Swinging Strike 0-1: Swinging Strike 0-2: Ball 1-2: Ball 2-2: Ball 3-2: Fly out, F7 (Line Drive, 7S, EV 94.4 MPH)
|
|
Batting: LHB Justin Barker
|
0-0: Called Strike 0-1: Hit by Pitch
|
|
Pitching: RHP Chris Marino
|
|
|
Batting: RHB Adryão Anto
|
0-0: Ball 1-0: Swinging Strike 1-1: Swinging Strike 1-2: Strikes out swinging
|
|
Batting: LHB Davey Schonewille
|
0-0: Ball 1-0: Ball 2-0: Fielders Choice at 2nd, 6-4 (Groundball, 6, EV 87.5 MPH)
|
| Bottom of the 2nd over - 2 runs, 2 hits, 0 errors, 1 left on base; Montgomery 0 - Frisco 6 |
| TOP OF THE 3RD |
|
Montgomery Biscuits batting - Pitching for Frisco RoughRiders : LHP Jordan Ruiz
|
|
Batting: LHB Dan Hunt
|
0-0: Ball 1-0: Called Strike 1-1: Ball 2-1: Called Strike 2-2: Ball 3-2: Foul Ball, location: 2F 3-2: Strikes out swinging
|
|
Batting: RHB Kunizo Yanagisawa
|
0-0: Swinging Strike 0-1: Called Strike 0-2: Ball 1-2: Strikes out swinging
|
|
Batting: LHB Mark Marvin
|
0-0: Called Strike 0-1: Swinging Strike 0-2: SINGLE (Groundball, 4D, EV 101.9 MPH)
|
|
Batting: RHB Jonathan Fraire
|
0-0: Ball 1-0: Ball 2-0: Foul Ball, location: 2F 2-1: Called Strike 2-2: Ball 3-2: Foul Ball, location: 2F 3-2: SINGLE (Line Drive, 78M, EV 105.6 MPH) Mark Marvin to second Mark Marvin to third
|
|
Batting: RHB David Ward
|
0-0: Ball 1-0: Called Strike 1-1: Swinging Strike 1-2: Foul Ball, location: 2F 1-2: Ball 2-2: Ball 3-2: Base on Balls Jonathan Fraire to second
|
|
Batting: SHB Lou Kroneman
|
0-0: Ball 1-0: Foul Ball, location: 2F 1-1: Ball 2-1: Ball 3-1: Foul Ball, location: 2F 3-2: Ground out 4-3 (Groundball, 4, EV 103.1 MPH)
|
| Top of the 3rd over - 0 runs, 2 hits, 0 errors, 3 left on base; Montgomery 0 - Frisco 6 |
| BOTTOM OF THE 3RD |
|
Frisco RoughRiders batting - Pitching for Montgomery Biscuits : RHP Chris Marino
|
|
Batting: LHB Ben Radach
|
0-0: Called Strike 0-1: Ball 1-1: Ball 2-1: Foul Ball, location: 2F 2-2: Strikes out swinging
|
|
Batting: RHB Jason Swisher
|
0-0: Foul Ball, location: 2F 0-1: Ball 1-1: Fly out, F9 (Flyball, 9S, EV 91.2 MPH)
|
|
Batting: SHB Reagan Dudley
|
0-0: Ball 1-0: Ball 2-0: Foul Ball, location: 2F 2-1: Foul Ball, location: 2F 2-2: Ball 3-2: DOUBLE (Line Drive, 5D, EV 100.0 MPH)
|
|
Batting: RHB Chris Torlak
|
0-0: Ball 1-0: SINGLE (Groundball, 6S, EV 95.6 MPH) Reagan Dudley to third Runner from 3rd tries for Home, SAFE, throw by CF to home
|
|
Batting: SHB Johnny Stables
|
0-0: Ball 1-0: DOUBLE (Line Drive, 9LS, EV 98.8 MPH) Chris Torlak to third Runner from 3rd tries for Home, throw by RF and OUT! 9-4-2
|
| Bottom of the 3rd over - 1 run, 3 hits, 0 errors, 1 left on base; Montgomery 0 - Frisco 7 |
| TOP OF THE 4TH |
|
Montgomery Biscuits batting - Pitching for Frisco RoughRiders : LHP Jordan Ruiz
|
|
Batting: SHB Wayne Hattan
|
0-0: SINGLE (Groundball, 56D, EV 103.8 MPH)
|
|
Batting: RHB Freddy Mullen
|
0-0: Swinging Strike 0-1: Called Strike 0-2: Strikes out swinging
|
|
Batting: SHB Julio Hernandez
|
0-0: Ball 1-0: Fly out, F8 (Line Drive, 8LM, EV 85.0 MPH)
|
|
Batting: LHB Dan Hunt
|
0-0: Foul Ball, location: 2F 0-1: Swinging Strike 0-2: Fly out, F7 (Flyball, 78S, EV 91.2 MPH)
|
| Top of the 4th over - 0 runs, 1 hit, 0 errors, 1 left on base; Montgomery 0 - Frisco 7 |
| BOTTOM OF THE 4TH |
|
Frisco RoughRiders batting - Pitching for Montgomery Biscuits : RHP Chris Marino
|
|
Batting: RHB Kurt Wagner
|
0-0: Called Strike 0-1: Called Strike 0-2: Ball 1-2: Ball 2-2: Ball 3-2: Strikes out swinging
|
|
Batting: LHB Justin Barker
|
0-0: Ground out 4-3 (Groundball, 4D, EV 77.5 MPH)
|
|
Batting: RHB Adryão Anto
|
0-0: Ground out 5-3 (Groundball, 5, EV 84.4 MPH)
|
| Bottom of the 4th over - 0 runs, 0 hits, 0 errors, 0 left on base; Montgomery 0 - Frisco 7 |
| TOP OF THE 5TH |
|
Montgomery Biscuits batting - Pitching for Frisco RoughRiders : LHP Jordan Ruiz
|
|
Batting: RHB Kunizo Yanagisawa
|
0-0: Foul Ball, location: 2F 0-1: SINGLE (Groundball, 5S, EV 66.2 MPH) (infield hit)
|
|
Batting: LHB Mark Marvin
|
0-0: Ball 1-0: Called Strike 1-1: Ball 2-1: Foul Ball, location: 2F 2-2: Foul Ball, location: 2F 2-2: SINGLE (Line Drive, 78M, EV 85.6 MPH) Kunizo Yanagisawa to second
|
|
Batting: RHB Jonathan Fraire
|
0-0: Foul Ball, location: 2F 0-1: Called Strike 0-2: Strikes out swinging
|
|
Batting: RHB David Ward
|
0-0: Grounds into double play, 4-6-3 (Groundball, 13, EV 81.2 MPH)
|
| Top of the 5th over - 0 runs, 2 hits, 0 errors, 1 left on base; Montgomery 0 - Frisco 7 |
| BOTTOM OF THE 5TH |
|
Frisco RoughRiders batting - Pitching for Montgomery Biscuits : RHP Chris Marino
|
|
Batting: LHB Davey Schonewille
|
0-0: Called Strike 0-1: Foul Ball, location: 2F 0-2: Strikes out swinging
|
|
Pitching: RHP Luis Cubero
|
|
|
Batting: LHB Ben Radach
|
0-0: Ground out U3 (Groundball, 3, EV 85.0 MPH)
|
|
Batting: RHB Jason Swisher
|
0-0: Foul Ball, location: 2F 0-1: SINGLE (Groundball, 6D, EV 97.5 MPH)
|
|
Batting: SHB Reagan Dudley
|
0-0: Called Strike 0-1: Ball 1-1: Ball 2-1: Called Strike 2-2: Ball 3-2: Ground out 6-3 (Groundball, P, EV 88.1 MPH)
|
| Bottom of the 5th over - 0 runs, 1 hit, 0 errors, 1 left on base; Montgomery 0 - Frisco 7 |
| TOP OF THE 6TH |
|
Montgomery Biscuits batting - Pitching for Frisco RoughRiders : LHP Jordan Ruiz
|
|
Batting: SHB Lou Kroneman
|
0-0: Called Strike 0-1: Foul Ball, location: 2F 0-2: Foul Ball, location: 2F 0-2: Strikes out looking
|
|
Batting: SHB Wayne Hattan
|
0-0: Ball 1-0: Fly out, F7 (Line Drive, 7LS, EV 96.2 MPH)
|
|
Batting: RHB Freddy Mullen
|
0-0: Ball 1-0: Swinging Strike 1-1: Called Strike 1-2: DOUBLE (Line Drive, 89D, EV 103.8 MPH)
|
|
Batting: SHB Julio Hernandez
|
0-0: Ball 1-0: Ball 2-0: Ground out 5-3 (Groundball, 56S, EV 69.4 MPH)
|
| Top of the 6th over - 0 runs, 1 hit, 0 errors, 1 left on base; Montgomery 0 - Frisco 7 |
| BOTTOM OF THE 6TH |
|
Frisco RoughRiders batting - Pitching for Montgomery Biscuits : RHP Luis Cubero
|
|
Batting: RHB Chris Torlak
|
0-0: Called Strike 0-1: Ball 1-1: Ground out U3 (Groundball, 34, EV 106.9 MPH)
|
|
Batting: SHB Johnny Stables
|
0-0: Called Strike 0-1: Ball 1-1: Ball 2-1: SINGLE (Line Drive, 6MD, EV 98.8 MPH)
|
|
Batting: RHB Kurt Wagner
|
0-0: SINGLE (Line Drive, 4MD, EV 94.4 MPH) Johnny Stables to second Runner from 2nd tries for 3rd, SAFE, no throw by CF
|
|
Batting: LHB Justin Barker
|
0-0: Ball 1-0: Called Strike 1-1: Foul Ball, location: 2F 1-2: Foul Ball, location: 2F 1-2: Strikes out looking
|
|
Batting: RHB Adryão Anto
|
0-0: Fly out, F7 (Flyball, 7, EV 91.9 MPH)
|
| Bottom of the 6th over - 0 runs, 2 hits, 0 errors, 2 left on base; Montgomery 0 - Frisco 7 |
| TOP OF THE 7TH |
|
Montgomery Biscuits batting - Pitching for Frisco RoughRiders : LHP Jordan Ruiz
|
|
Pinch Hitting: RHB Mark Richert
|
0-0: Called Strike 0-1: Ball 1-1: Ball 2-1: Ball 3-1: Foul Ball, location: 2F 3-2: Foul Ball, location: 2F 3-2: Ground out 5-3 (Groundball, 56, EV 85.0 MPH)
|
|
Batting: RHB Kunizo Yanagisawa
|
0-0: Ball 1-0: Ball 2-0: Swinging Strike 2-1: Called Strike 2-2: Ball 3-2: Foul Ball, location: 2F 3-2: Fly out, F7 (Flyball, 7LS, EV 79.4 MPH)
|
|
Pinch Hitting: RHB Chris Glavin
|
0-0: Swinging Strike 0-1: Ball 1-1: Ground out 6-3 (Groundball, 6, EV 90.6 MPH)
|
| Top of the 7th over - 0 runs, 0 hits, 0 errors, 0 left on base; Montgomery 0 - Frisco 7 |
| BOTTOM OF THE 7TH |
|
Frisco RoughRiders batting - Pitching for Montgomery Biscuits : RHP Luis Cubero
|
|
Now at 3B: Chris Glavin
|
|
|
Now in RF: Bill McGregor
|
|
|
Batting: LHB Davey Schonewille
|
0-0: Ball 1-0: Called Strike 1-1: Ground out 4-3 (Groundball, 4M, EV 88.1 MPH)
|
|
Batting: LHB Ben Radach
|
0-0: Called Strike 0-1: Foul Ball, location: 2F 0-2: Ball 1-2: Ground out 4-3 (Groundball, 4, EV 82.5 MPH)
|
|
Batting: RHB Jason Swisher
|
0-0: Called Strike 0-1: Ball 1-1: SOLO HOME RUN (Flyball, 7D, EV 106.9 MPH), Distance : 404 ft
|
|
Batting: SHB Reagan Dudley
|
0-0: Swinging Strike 0-1: Called Strike 0-2: Foul Ball, location: 2F 0-2: Ball 1-2: Foul Ball, location: 2F 1-2: Ball 2-2: Strikes out looking
|
| Bottom of the 7th over - 1 run, 1 hit, 0 errors, 0 left on base; Montgomery 0 - Frisco 8 |
| TOP OF THE 8TH |
|
Montgomery Biscuits batting - Pitching for Frisco RoughRiders : LHP Jordan Ruiz
|
|
Pitching: RHP Luis Mejia
|
|
|
Batting: RHB Jonathan Fraire
|
0-0: Called Strike 0-1: Foul Ball, location: 2F 0-2: Ball 1-2: Ground out 4-3 (Groundball, 4, EV 85.0 MPH)
|
|
Batting: RHB David Ward
|
0-0: Foul Ball, location: 2F 0-1: Ball 1-1: Ball 2-1: Foul Ball, location: 2F 2-2: Fly out, F7 (Flyball, 7D, EV 97.5 MPH)
|
|
Batting: SHB Lou Kroneman
|
0-0: Called Strike 0-1: Ball 1-1: SOLO HOME RUN (Flyball, 9LD, EV 95.6 MPH), Distance : 358 ft
|
|
Batting: SHB Wayne Hattan
|
0-0: Ball 1-0: Called Strike 1-1: Ball 2-1: Foul Ball, location: 2F 2-2: Ball 3-2: Strikes out looking
|
| Top of the 8th over - 1 run, 1 hit, 0 errors, 0 left on base; Montgomery 1 - Frisco 8 |
| BOTTOM OF THE 8TH |
|
Frisco RoughRiders batting - Pitching for Montgomery Biscuits : RHP Luis Cubero
|
|
Pitching: LHP Brian Kelly
|
|
|
Batting: RHB Chris Torlak
|
0-0: Fly out, F8 (Flyball, 89M, EV 85.6 MPH)
|
|
Batting: SHB Johnny Stables
|
0-0: Called Strike 0-1: Ball 1-1: Swinging Strike 1-2: Foul Ball, location: 2F 1-2: Ball 2-2: Foul Ball, location: 2F 2-2: Foul Ball, location: 2F 2-2: Strikes out swinging
|
|
Batting: RHB Kurt Wagner
|
0-0: Ball 1-0: Called Strike 1-1: Foul Ball, location: 2F 1-2: Ball 2-2: Strikes out swinging
|
| Bottom of the 8th over - 0 runs, 0 hits, 0 errors, 0 left on base; Montgomery 1 - Frisco 8 |
| TOP OF THE 9TH |
|
Montgomery Biscuits batting - Pitching for Frisco RoughRiders : RHP Luis Mejia
|
|
Batting: RHB Freddy Mullen
|
0-0: Ball 1-0: Ball 2-0: DOUBLE (Groundball, 5L, EV 103.1 MPH)
|
|
Batting: SHB Julio Hernandez
|
0-0: Called Strike 0-1: Called Strike 0-2: Foul Ball, location: 2F 0-2: Strikes out swinging
|
|
Batting: LHB Bill McGregor
|
0-0: Called Strike 0-1: Foul Ball, location: 2F 0-2: Ball 1-2: Ball 2-2: Fly out, F8 (Flyball, 78XD, EV 81.9 MPH) Runner from 2nd tags up, SAFE at 3rd, no throw by CF
|
|
Batting: RHB Kunizo Yanagisawa
|
0-0: Ball 1-0: SINGLE (Groundball, 5S, EV 76.2 MPH) (infield hit) Freddy Mullen scores
|
|
Batting: RHB Chris Glavin
|
0-0: Called Strike 0-1: Ball 1-1: Swinging Strike 1-2: Ground out 5-3 (Groundball, 56D, EV 103.1 MPH)
|
| Top of the 9th over - 1 run, 2 hits, 0 errors, 1 left on base; Montgomery 2 - Frisco 8 |
|